 Dungeon Crawl Stone Soup version 0.31-a0-1172-g9944ec47dd (webtiles) character file.

Game seed: 3787123207160971855

73 Fodor the Covered (level 4, 0/40 HPs)
             Began as a Minotaur Fighter on Dec 10, 2023.
             Slain by Grinder (5 damage)
             ... on level 3 of the Dungeon.
             The game lasted 00:09:42 (2092 turns).

Fodor the Covered (Minotaur Fighter)                Turns: 2092, Time: 00:09:43

Health: 0/40       AC:  9    Str: 23    XL:     4   Next: 8%
Magic:  3/3        EV:  8    Int:  5    God:
Gold:   62         SH:  0    Dex:  9    Spells: 3/3 levels left

rFire   . . .        a - +0 war axe
rCold   . . .        (no shield)
rNeg    . . .        b - +0 chain mail
rPois   .            (helmet restricted)
rElec   .            (no cloak)
rCorr   .            (no gloves)
SInv    .            (no boots)
Will    .....        (no amulet) Stlth
                     (no ring)
HPRegen 0.26/turn    (no ring)
MPRegen 0.08/turn

%: no passive effects
@: no status effects
A: horns 2, retaliatory headbutt
a: no special abilities


You were on level 3 of the Dungeon.
You visited 1 branch of the dungeon, and saw 3 of its levels.

You collected 62 gold pieces.

Inventory:

Hand Weapons
 a - a +0 war axe (weapon)
Armour
 b - a +0 chain mail (worn)
 c - a +0 buckler
 g - an orb of light
Scrolls
 e - 3 scrolls of identify {unknown}
 f - a scroll of teleportation {unknown}
 h - a scroll of amnesia {unknown}
 j - 3 scrolls of vulnerability {unknown}
 k - a scroll of blinking {unknown}
 l - a scroll of silence {unknown}
 m - a scroll of immolation {unknown}
 p - a scroll of fog {unknown}
Potions
 d - 3 potions of might
 i - a potion of attraction {unknown}
 n - 2 potions of enlightenment {unknown}
 o - a potion of mutation {unknown}
 q - a potion of degeneration {unknown}
 r - a potion of curing {unknown}


   Skills:
 + Level 4.3 Fighting
 + Level 3.8 Axes
 + Level 4.4 Armour
 + Level 0.1 Dodging
 + Level 0.2 Stealth
 + Level 3.8 Shields


You had 3 spell levels left.
You didn't know any spells.
Your spell library contained the following spells:

 Spells                   Type           Power      Damage    Failure   Level
 Kiss of Death            Conj/Necr      0%         2d5       97%         1
 Shock                    Conj/Air       0%         1d3       97%         1
 Confusing Touch          Hex            0%         N/A       100%        3
 Swiftness                Air            0%         N/A       100%        3
 Airstrike                Air            0%         2d(0-16)  100%        4
 Animate Armour           Summ/Erth      0%         N/A       100%        4
 Dispel Undead            Necr           0%         3d6       100%        4
 Summon Lightning Spire   Summ/Air       0%         N/A       100%        4
 Lee's Rapid Deconstruct  Erth           0%         3d4*      100%        5


Dungeon Overview and Level Annotations

Branches:
Dungeon (3/15)

Altars:

Annotations:
D:3 Grinder


Innate Abilities, Weirdness & Mutations

You have a pair of horns on your head.
You reflexively headbutt those who attack you in melee.


Message History

You now have 62 gold pieces (gained 16).
j - 3 scrolls labelled DUXTOT TEAQ (gained 1)
Found a scale mail.
You see here a +0 scale mail.
Found a chain mail.
You see here a +0 chain mail.
As you open the door, it creaks loudly!
There is an open door here.
You open the door.
There is an open door here.
Grinder comes into view.
Found 5 stones.
Grinder shouts!
Grinder moves out of view.
Grinder says, "I used to sell toenails on the black market."
Grinder hits you.
You barely miss Grinder. Grinder misses you.
Grinder blinks!
Grinder says, "Don't move a muscle."
Grinder gestures at you. Pain shoots through your body!
Grinder gestures at you. You resist with significant effort.
Grinder barely misses you.
You closely miss Grinder. Grinder hits you.
You writhe in agony.
You hit Grinder.
Grinder is lightly wounded.
Grinder barely misses you.
You closely miss Grinder. Your headbutt misses Grinder.
Grinder is lightly wounded.
Grinder hits you but does no damage. Grinder hits you!
You writhe in agony.
* * * LOW HITPOINT WARNING * * *
You slash Grinder!
Grinder is heavily wounded.
Grinder blinks!
Grinder sighs, "No one appreciates my work."
Grinder hits you!
* * * LOW HITPOINT WARNING * * *
You writhe in agony.
You die...
Grinder says, "Hey, I wasn't done torturing you yet!"

#...'.#
#...#.###
#...#...#
#...###.# ##
#...###.##...#
####.......#
#.##.#.(....
#5##.#..5...
#@##.. ##...
#.####. ..
#....#.# .
####.# . # ##


You could see Grinder.

Vanquished Creatures
  An adder (D:2)
  A worm (D:2)
  2 dart slugs (D:2)
  6 bats
  4 endoplasms
  4 giant cockroaches
  4 goblins
  2 hobgoblins
  3 jackals (D:1)
  6 quokkas
  5 frilled lizards
  7 kobolds
  7 rats
52 creatures vanquished.

Notes
Turn   | Place    | Note
-------+----------+-------------------------------------------
     0 | D:1      | Fodor the Minotaur Fighter began the quest for the Orb.
     0 | D:1      | Reached XP level 1. HP: 19/19 MP: 0/0
   532 | D:1      | Reached XP level 2. HP: 27/27 MP: 1/1
   874 | D:1      | Reached XP level 3. HP: 30/33 MP: 2/2
  1339 | D:2      | Noticed a great orb of eyes
  1340 | D:2      | Found a faded altar of an unknown god.
  1348 | D:2      | Noticed a great orb of eyes
  1348 | D:2      | Noticed a great orb of eyes
  1348 | D:2      | Noticed a golden eye
  1688 | D:2      | Reached XP level 4. HP: 40/40 MP: 3/3
  2068 | D:3      | Noticed Grinder
  2092 | D:3      | Slain by Grinder

Illustrated notes

Levels and vault maps discovered:
D:1:      dpeg_arrival_fog, layout_basic
D:2:      layout_loops_ring, hellmonk_ecumenical_altar_watching_god,
          minmay_distorted
D:3:      layout_basic, uniq_grinder

Skill      XL: |  1  2 |
---------------+-------+-----
Armour         | 4 |  4.4
Axes           | 3 |  3.8
Fighting       | 4 |  4.3
Dodging        | |  0.1
Stealth        | |  0.2
Shields        | |  3.8

Action                     |  1- 3 |  4- 6 || total
---------------------------+-------+-------++-------
  Melee: War axe           |    81 |    16 ||    97
         Headbutt          |    12 |       ||    12
 Armour: Scale mail        |    67 |     8 ||    75
         Chain mail        |       |     8 ||     8
  Dodge: Dodged            |    46 |     8 ||    54
  Block: Buckler           |     2 |       ||     2

Table legend: (Time is in decaauts)
 A = Elapsed time spent in this place.
 B = Non-inter-level travel time spent in this place.
 C = Inter-level travel time spent in this place.
 D = Time resting spent in this place.
 E = Time spent auto-exploring this place.
 F = Levels seen in this place.
 G = Mean time per level.
                   A        B        C        D        E       F      G
               +--------+--------+--------+--------+--------+-----+--------+
         Total |   2125 |   2059 |     66 |     73 |      0 |   3 |  708.3 |
       Dungeon |   2125 |   2059 |     66 |     73 |      0 |   3 |  708.3 |
               +--------+--------+--------+--------+--------+-----+--------+

Top non-repeatable levels by time:
     D:1: 1084 daAuts
     D:2: 832 daAuts
     D:3: 208 daAuts
